Map: Tours du crépuscule

Players

LodeStar - Winner!

  • Race: Terran Terran
  • League: Platinum

Worming

  • Race: Zerg Zerg
  • League: Diamond

VOD

Have the link to the VOD?

Description

Time

  • Played on: Nov. 21, 2015, 7:25 a.m.
  • Length: 21:24
Show
View Real Time Build Order
Export as new Build Order

LodeStar Terran - Winner!

Build Orders: Reaper Expand, Hellion Banshee, Mech 

Get SALT Encoding   

  12  0:01  SCV  
  13  0:13  SCV  
  14  0:18  Supply Depot  
  14  0:25  SCV  
  15  0:39  SCV  
  15  0:40  Barracks  
  16  0:46  Refinery  
  16  0:51  SCV  
  17  1:03  SCV  
  18  1:16  SCV  
  19  1:28  Orbital Command  
  19  1:29  Reaper  
  20  1:43  Command Center  
  20  1:54  SCV  
  20  1:55  Supply Depot  
  21  2:06  SCV  
  22  2:09  Refinery  
  22  2:18  SCV, Factory  
  23  2:24  Barracks Reactor  
  23  2:30  SCV  
  24  2:43  SCV  
  25  3:03  Orbital Command  
  25  3:09  Starport  
  25  3:11  Hellion x2  
  25  3:12  SCV  
  30  3:22  Barracks Tech Lab, Supply Depot  
  30  3:24  SCV  
  31  3:30  SCV  
  36  3:34  Hellion x2  
  36  3:36  SCV  
  37  3:42  SCV  
  37  3:46  Supply Depot  
  38  3:48  SCV  
  38  3:54  SCV  
  38  3:55  Banshee, Supply Depot  
  40  3:56  Cloaking Field  
  40  3:58  Hellion  
  40  4:00  Hellion  
  40  4:01  SCV  
  48  4:06  SCV  
  49  4:14  SCV  
  50  4:18  SCV  
  50  4:20  Armory  
  51  4:25  Hellion x2  
  51  4:26  SCV  
  51  4:30  SCV  
  57  4:31  Supply Depot  
  57  4:38  SCV  
  58  4:44  Banshee, Command Center  
  61  4:51  Hellion x2  
  65  4:54  SCV  
  65  4:59  Engineering Bay  
  66  5:00  Refinery  
  66  5:02  Refinery  
  66  5:04  SCV  
  66  5:05  Supply Depot  
  66  5:06  SCV  
  67  5:28  Banshee  
  67  5:30  Hellion x2  
  62  5:44  Barracks Tech Lab  
  62  5:46  Factory x3  
  58  5:51  Hellion  
  58  5:52  Hellion  
  58  5:56  SCV x2  
  61  5:57  Orbital Command  
  60  6:11  Banshee  
  60  6:13  SCV  
  64  6:21  Hellion x2, SCV  
  64  6:22  SCV  
  64  6:25  SCV  
  57  6:40  Orbital Command  
  69  6:50  Factory Tech Lab  
  69  6:51  Factory Tech Lab x2, Starport  
  69  6:52  Starport  
  69  6:55  Missile Turret  
  69  6:58  SCV  
  69  6:59  SCV  
  69  7:00  Missile Turret  
  71  7:05  Banshee  
  71  7:07  Hellion x2  
  71  7:08  Missile Turret  
  78  7:09  SCV  
  78  7:10  Refinery, Missile Turret  
  78  7:11  SCV x2  
  78  7:13  Refinery  
  81  7:21  SCV  
  82  7:23  SCV  
  82  7:28  Supply Depot  
  82  7:29  Thor x2, Siege Tank  
  92  7:32  Liberator x2  
  98  7:38  SCV x2  
  98  7:39  Liberator, Missile Turret  
  98  7:40  Supply Depot x2  
  100  7:50  Supply Depot  
  106  7:59  SCV x3  
  106  8:02  Siege Tank  
  112  8:11  SCV x2  
  114  8:15  Liberator  
  111  8:20  SCV  
  111  8:23  Command Center, SCV  
  113  8:27  Fusion Core  
  113  8:28  Siege Tank  
  113  8:31  Starport  
  119  8:37  SCV  
  119  8:38  SCV x2  
  125  8:55  Banshee, Missile Turret  
  125  8:58  Starport Reactor  
  125  9:01  Liberator x2  
  125  9:02  SCV  
  126  9:03  Terran Vehicle Weapons Level 1  
  126  9:08  Armory  
  126  9:13  Supply Depot  
  126  9:14  Supply Depot  
  126  9:21  Liberator  
  132  9:25  Advanced Ballistics  
  132  9:27  SCV  
  133  9:33  Liberator x2  
  133  9:34  SCV  
  133  9:35  Hellion x3  
  143  9:50  Liberator x2  
  149  9:59  Terran Ship Weapons Level 1  
  155  10:17  Supply Depot, SCV x2  
  155  10:18  Supply Depot x2, SCV  
  158  10:21  Liberator  
  158  10:24  Banshee  
  158  10:25  Orbital Command  
  161  10:29  SCV x2  
  166  10:44  Hyperflight Rotors  
  166  10:46  Liberator, SCV  
  166  10:47  SCV  
  166  10:49  Refinery  
  168  10:51  Refinery  
  168  10:52  Missile Turret  
  168  10:55  Missile Turret  
  168  10:56  Starport Tech Lab  
  168  10:57  Liberator, Missile Turret, Starport Tech Lab  
  168  10:58  Missile Turret  
  168  11:17  SCV x2  
  173  11:26  SCV x2  
  173  11:31  Battlecruiser  
  181  11:32  Behemoth Reactor  
  181  11:38  Supply Depot  
  181  11:39  Supply Depot  
  181  11:42  Supply Depot  
  181  11:48  Battlecruiser  
  181  11:53  Terran Vehicle And Ship Armor Level 1  
  187  12:03  Command Center  
  187  12:04  Terran Ship Weapons Level 2  
  187  12:05  Command Center  
  187  12:08  Command Center  
  187  12:16  Liberator, Hellion x7, Command Center  
  187  12:17  Battlecruiser  
  193  12:23  Refinery  
  193  12:24  Starport  
  193  12:29  Weapon Refit  
  196  12:43  Liberator  
  181  12:58  Battlecruiser  
  186  13:03  Starport Tech Lab  
  189  13:13  Command Center  
  189  13:15  Command Center  
  189  13:17  Command Center  
  189  13:31  Command Center  
  189  13:32  Liberator x2  
  189  13:44  Liberator x2  
  189  13:48  Sensor Tower  
  189  13:50  Missile Turret  
  193  14:16  Refinery  
  193  14:19  Missile Turret  
  193  14:20  Missile Turret  
  193  14:21  Refinery, Missile Turret  
  192  14:28  Battlecruiser  
  185  14:39  Liberator x3  
  176  14:56  Battlecruiser  
  188  15:04  Orbital Command  
  188  15:05  Orbital Command x2  
  188  15:07  Terran Vehicle And Ship Armor Level 2, Terran Ship Weapons Level 3  
  188  15:15  SCV x3  
  188  15:16  Planetary Fortress  
  188  15:19  Battlecruiser  
  197  15:29  Orbital Command  
  197  15:35  Starport  
  197  15:40  Liberator  
  188  16:19  Battlecruiser  
  188  16:20  Battlecruiser  
  192  16:39  Missile Turret  
  191  16:40  Missile Turret x2  
  191  16:41  Command Center, Missile Turret  
  191  16:44  Command Center  
  191  16:45  Command Center  
  189  16:54  Liberator  
  189  16:55  Battlecruiser  
  189  16:57  Starport Tech Lab  
  195  17:05  Sensor Tower  
  198  17:16  Sensor Tower  
  173  17:43  Battlecruiser x4  
  193  17:57  Orbital Command  
  193  17:59  Battlecruiser  
  199  18:33  Refinery  
  199  18:35  Refinery, Terran Vehicle And Ship Armor Level 3  
  199  18:44  Liberator  
  199  19:09  Planetary Fortress  
Show
View Real Time Build Order
Export as new Build Order

Worming Zerg 

Build Orders: Hatch First 

Get SALT Encoding   

  12  0:01  Drone  
  13  0:12  Overlord  
  13  0:17  Drone  
  14  0:30  Drone x2  
  14  0:34  Drone  
  17  0:52  Hatchery  
  17  0:56  Drone  
  17  0:58  Extractor  
  17  0:59  Drone  
  17  1:07  Drone  
  18  1:18  Drone  
  19  1:29  Drone  
  20  1:38  Spawning Pool  
  19  1:50  Hatchery  
  18  1:57  Overlord  
  18  1:59  Drone  
  19  2:05  Drone x2  
  21  2:12  Drone  
  22  2:23  Drone  
  22  2:24  Queen, Drone  
  22  2:27  Metabolic Boost  
  26  2:30  Zergling x2  
  24  2:56  Drone x5  
  27  2:58  Queen  
  27  3:04  Queen  
  31  3:07  Drone  
  32  3:20  Zergling x2  
  32  3:22  Drone x5  
  41  3:34  Drone x5  
  41  3:38  Overlord  
  42  3:46  Overlord  
  42  3:57  Overlord  
  42  3:58  Drone x5  
  47  4:10  Drone x8  
  55  4:18  Roach Warren  
  55  4:20  Extractor  
  53  4:25  Queen  
  53  4:30  Spine Crawler x2  
  52  4:32  Drone x2  
  52  4:33  Drone, Overlord  
  52  4:34  Zergling x6  
  58  4:47  Zergling x4  
  58  4:48  Zergling x4  
  62  4:57  Lair  
  62  4:58  Overlord  
  62  5:01  Queen x2  
  62  5:06  Roach x4  
  74  5:08  Overlord  
  74  5:16  Spore Crawler  
  74  5:17  Spore Crawler  
  74  5:19  Spore Crawler  
  74  5:21  Roach x5  
  79  5:29  Spore Crawler  
  68  5:52  Queen x2  
  72  6:03  Drone x17  
  87  6:07  Ravager x3  
  90  6:13  Queen  
  89  6:27  Overlord  
  89  6:32  Queen x2, Hydralisk Den  
  90  6:34  Drone, Evolution Chamber  
  90  6:35  Drone x4  
  90  6:36  Evolution Chamber  
  85  6:43  Drone x4, Extractor  
  85  6:44  Extractor  
  85  6:45  Extractor  
  80  6:57  Extractor  
  79  7:07  Hatchery  
  78  7:09  Spine Crawler, Lurker Den  
  78  7:10  Zerg Missile Weapons Level 1, Spine Crawler  
  78  7:11  Glial Reconstitution  
  76  7:22  Overlord x2  
  76  7:23  Zergling x32  
  76  7:27  Spore Crawler, Overseer  
  76  7:28  Pneumatized Carapace  
  91  7:33  Drone  
  91  7:34  Infestation Pit, Overlord  
  91  7:51  Hydralisk x4  
  90  7:57  Overseer  
  98  8:03  Spore Crawler  
  95  8:17  Hydralisk x8  
  95  8:18  Zergling x10  
  95  8:19  Zergling x2  
  119  8:27  Drone x2  
  119  8:36  Hydralisk  
  119  8:37  Hydralisk x3  
  119  8:39  Overlord  
  126  8:52  Spire  
  126  8:55  Drone x2  
  126  8:56  Drone  
  126  8:58  Drone x5  
  126  8:59  Drone x2  
  135  9:05  Muscular Augments  
  135  9:06  Zerg Missile Weapons Level 2  
  135  9:08  Zergling x2, Extractor  
  135  9:09  Zergling x2, Overlord  
  136  9:10  Overlord x2  
  136  9:14  Extractor  
  135  9:27  Zerg Ground Armor Level 1  
  136  9:31  Drone x14  
  149  9:43  Roach  
  149  9:44  Roach x2  
  151  9:45  Overlord x2  
  151  9:46  Overlord  
  150  10:06  Corruptor x5, Overlord  
  152  10:11  Hive  
  160  10:16  Overlord  
  160  10:17  Overlord  
  160  10:24  Corruptor x2  
  160  10:25  Roach x4  
  172  10:37  Zerg Flyer Weapons Level 1  
  172  10:41  Evolution Chamber  
  169  10:47  Overlord  
  169  10:52  Corruptor x4  
  169  10:56  Hatchery  
  174  11:16  Pathogen Glands  
  174  11:18  Zerg Melee Weapons Level 1  
  172  11:26  Ultralisk Cavern, Corruptor x6  
  172  11:27  Zergling x2, Corruptor  
  172  11:28  Zergling x20  
  194  11:56  Drone x6  
  189  12:12  Corruptor x5  
  199  12:28  Extractor  
  198  12:30  Spine Crawler, Extractor  
  198  12:32  Corruptor  
  198  12:33  Zergling x2  
  186  13:00  Drone x3  
  186  13:01  Drone x3  
  186  13:03  Neural Parasite  
  186  13:04  Chitinous Plating  
  192  13:06  Zerg Missile Weapons Level 3, Zerg Ground Armor Level 2  
  192  13:10  Spire  
  191  13:13  Zerg Flyer Armor Level 1  
  191  13:15  Overlord  
  191  13:16  Overlord  
  191  13:17  Overlord  
  191  13:43  Zergling x2  
  191  13:47  Overlord  
  185  14:04  Hatchery, Infestor x8  
  199  14:25  Burrow  
  156  14:45  Corruptor  
  156  14:46  Corruptor x5, Hydralisk x5  
  156  14:47  Corruptor x4, Hydralisk x4  
  184  14:57  Corruptor x2  
  184  14:58  Zergling x14  
  184  14:59  Zergling x2  
  192  15:02  Drone x7  
  192  15:03  Drone  
  200  15:53  Spine Crawler  
  200  15:54  Extractor  
  200  15:55  Extractor  
  195  15:59  Hatchery  
  194  16:15  Spine Crawler  
  187  16:57  Ultralisk x2  
  199  17:02  Zerg Melee Weapons Level 2, Zerg Ground Armor Level 3  
  199  17:03  Zerg Flyer Weapons Level 2  
  199  17:07  Greater Spire  
  139  17:37  Infestor x3, Extractor  
  139  17:38  Infestor x2  
  139  17:41  Extractor  
  143  17:48  Corruptor x3, Hydralisk x3  
  143  17:49  Corruptor x3, Hydralisk x3  
  143  17:50  Corruptor, Hydralisk x2  
  143  17:51  Infestor x3  
  179  17:59  Infestor x2  
  179  18:00  Infestor x2  
  187  18:39  Corruptor, Hydralisk  
  187  18:40  Hatchery, Corruptor  
  187  18:41  Hydralisk x2  
  192  18:44  Viper  
  179  18:58  Viper x2  
  179  19:02  Roach x2, Hydralisk x4  
  169  19:03  Zergling x4, Roach x3  
  169  19:04  Zergling x24  
  187  19:26  Infestor  
  182  20:07  Extractor  
  165  20:08  Corruptor x12  
  165  20:10  Extractor  
  178  20:20  Hydralisk  
  178  20:21  Hydralisk x14  
  162  20:30  Viper  
  152  20:36  Hydralisk  
  152  20:37  Hydralisk x5  
  152  20:41  Viper x2  
  166  20:56  Spore Crawler  
  160  20:57  Spore Crawler x2  
  160  20:58  Spore Crawler  
Tags
 
Add a new tag
Caveats
  • Supply blocks, unpowered buildings, or Contaminate may cause inaccurate times.
  • Supply counts are checked every 10 seconds.